Map: Port Aleksander LE

Players

HateMe - Winner!

  • Race: Zerg Zerg
  • Spawn Location: 5:00

Awers

  • Race: Terran Terran
  • Spawn Location: 11:00

Event: 2019 WCS Spring

VOD

Have the link to the VOD?

Description

Time

  • Played on: May 17, 2019, 11:38 a.m.
  • Length: 12:48

All games in this series

Show
View Real Time Build Order
Export as new Build Order

HateMe Zerg - Winner!

Build Orders: Pool First, Swarm Host 

Get SALT Encoding   

  12  0:00  Drone  
  13  0:12  Overlord  
  13  0:18  Drone  
  14  0:31  Drone x2  
  16  0:37  Drone  
  17  0:45  Spawning Pool  
  16  0:50  Drone  
  16  0:56  Drone  
  18  1:12  Hatchery  
  18  1:16  Extractor  
  16  1:32  Zergling x6  
  19  1:33  Queen  
  21  1:45  Overlord  
  21  1:54  Drone  
  22  2:05  Drone  
  23  2:09  Queen  
  25  2:19  Drone  
  26  2:23  Metabolic Boost  
  26  2:24  Queen  
  26  2:27  Drone  
  29  2:34  Drone  
  30  2:50  Hatchery  
  29  2:53  Drone  
  29  2:55  Drone  
  29  2:57  Drone  
  32  3:03  Overlord  
  32  3:08  Drone x2  
  32  3:12  Drone  
  35  3:14  Drone  
  36  3:22  Drone x2  
  36  3:24  Drone  
  36  3:25  Drone  
  36  3:26  Drone  
  41  3:34  Queen  
  41  3:36  Drone  
  44  3:47  Overlord  
  44  3:58  Overlord  
  44  4:02  Queen, Baneling Nest  
  43  4:04  Drone x5  
  43  4:09  Lair  
  50  4:15  Zergling x2  
  50  4:16  Zergling x6  
  54  4:19  Drone  
  54  4:20  Drone x2  
  57  4:24  Drone  
  57  4:25  Drone  
  57  4:28  Drone  
  60  4:34  Overlord  
  60  4:35  Drone x3  
  60  4:38  Drone x2  
  65  4:47  Spore Crawler, Queen  
  65  4:48  Spore Crawler x2  
  65  4:51  Drone  
  65  4:53  Overlord  
  65  5:00  Overlord  
  65  5:02  Zergling x4  
  65  5:03  Zergling x2  
  65  5:04  Drone x2  
  65  5:05  Drone  
  71  5:08  Overseer  
  71  5:11  Drone x4  
  71  5:12  Overseer  
  75  5:23  Roach Warren  
  75  5:24  Drone  
  75  5:25  Drone x5  
  80  5:31  Extractor  
  80  5:32  Extractor  
  80  5:33  Extractor  
  80  5:34  Overlord, Extractor  
  80  5:35  Extractor, Drone x4  
  78  5:37  Drone  
  78  5:38  Drone  
  74  5:43  Drone  
  74  5:46  Drone  
  74  5:48  Drone  
  74  5:50  Drone x3  
  77  5:58  Drone x5  
  77  6:00  Drone  
  77  6:01  Drone x3  
  86  6:07  Glial Reconstitution  
  86  6:14  Evolution Chamber x2  
  86  6:17  Drone x3  
  87  6:21  Roach  
  87  6:23  Overlord x2  
  89  6:35  Overlord  
  89  6:36  Overlord  
  89  6:38  Overlord  
  88  6:40  Drone  
  88  6:41  Zerg Missile Weapons Level 1, Zerg Ground Armor Level 1  
  88  6:42  Hatchery  
  88  6:45  Roach x2  
  92  6:51  Roach x3  
  98  6:54  Overlord  
  98  6:57  Drone  
  98  6:59  Infestation Pit, Roach  
  100  7:05  Roach x4  
  106  7:27  Roach x13  
  126  7:36  Roach  
  118  7:39  Roach x2  
  122  7:44  Swarm Host  
  122  7:45  Swarm Host x2  
  127  7:58  Overlord x2  
  127  8:03  Drone  
  127  8:05  Queen  
  119  8:08  Overlord x2  
  119  8:10  Swarm Host x4  
  119  8:11  Hatchery  
  125  8:17  Swarm Host x2  
  127  8:28  Swarm Host x4  
  139  8:35  Overlord x2  
  139  8:38  Zerg Missile Weapons Level 2  
  139  8:41  Zerg Ground Armor Level 2  
  139  8:51  Swarm Host x3  
  148  8:58  Drone x7  
  155  9:04  Queen  
  155  9:09  Roach x3  
  165  9:10  Roach  
  165  9:13  Roach  
  167  9:19  Roach x3  
  167  9:21  Ravager x2  
  167  9:22  Ravager  
  176  9:24  Overseer  
  176  9:25  Roach  
  176  9:26  Roach  
  177  9:36  Roach x2  
  183  9:43  Queen  
  178  9:52  Drone x7  
  183  10:12  Overlord x2  
  173  10:33  Drone  
  167  10:36  Drone x3  
  170  10:45  Roach x15  
  186  10:59  Roach x5  
  196  11:05  Spore Crawler  
  196  11:06  Infestation Pit, Drone, Spine Crawler x2  
  196  11:08  Drone  
  196  11:09  Drone x2  
  196  11:13  Roach  
  160  11:27  Roach x4  
  160  11:30  Roach x5  
  172  11:35  Ravager x5  
  172  11:36  Ravager x5  
  172  11:37  Roach x7  
  196  11:46  Roach  
  198  11:52  Roach  
  198  11:53  Roach  
  198  11:57  Extractor  
  198  12:00  Roach x8  
  188  12:03  Roach x2  
  188  12:07  Roach  
  183  12:12  Roach x4  
  183  12:13  Roach  
  193  12:26  Roach  
  193  12:27  Roach x4  
  194  12:32  Drone x4  
Show
View Real Time Build Order
Export as new Build Order

Awers Terran 

Build Orders: Reaper Expand, Mech 

Get SALT Encoding   

  12  0:01  SCV  
  13  0:13  SCV  
  14  0:18  Supply Depot  
  14  0:25  SCV  
  15  0:39  SCV  
  15  0:41  Barracks  
  16  0:44  Refinery  
  16  0:51  SCV  
  17  1:04  SCV  
  18  1:16  SCV  
  19  1:28  Reaper, Orbital Command  
  20  1:43  Command Center  
  20  1:52  Supply Depot  
  20  1:55  SCV  
  20  2:00  Marine  
  22  2:08  SCV  
  22  2:16  Factory  
  22  2:21  Refinery, Barracks Reactor  
  22  2:26  SCV  
  23  2:38  SCV  
  23  2:40  Bunker  
  24  2:51  SCV  
  25  2:56  Orbital Command  
  25  3:01  Starport  
  25  3:03  SCV  
  26  3:08  Hellion  
  28  3:13  Hellion  
  28  3:15  SCV  
  31  3:26  SCV  
  32  3:27  SCV  
  32  3:31  Hellion  
  32  3:33  Barracks Tech Lab  
  35  3:34  Hellion  
  37  3:41  SCV  
  37  3:46  SCV  
  39  3:53  SCV  
  39  3:56  Supply Depot  
  39  4:00  Command Center  
  39  4:02  Raven  
  41  4:03  SCV  
  41  4:07  SCV  
  43  4:15  SCV  
  44  4:17  Refinery  
  44  4:18  Refinery  
  44  4:20  SCV  
  44  4:24  Supply Depot  
  45  4:25  Hellion x2  
  45  4:27  SCV  
  50  4:32  SCV  
  51  4:39  Armory  
  51  4:40  Armory  
  51  4:42  SCV  
  52  4:46  SCV  
  57  4:53  Hellion x2  
  57  4:54  SCV  
  58  5:00  SCV  
  58  5:03  Factory  
  59  5:07  SCV  
  59  5:08  Factory  
  59  5:10  Barracks Tech Lab  
  60  5:15  SCV  
  60  5:18  Orbital Command  
  60  5:19  Starport Reactor  
  60  5:20  SCV  
  62  5:27  SCV  
  62  5:28  Terran Vehicle Weapons Level 1  
  63  5:30  Terran Vehicle And Ship Armor Level 1  
  63  5:32  SCV  
  64  5:38  Hellion x2  
  64  5:39  SCV  
  67  5:47  SCV  
  62  5:52  Supply Depot  
  62  5:53  Thor  
  62  5:55  SCV  
  69  6:01  Orbital Command  
  69  6:02  Thor  
  75  6:04  SCV  
  76  6:11  SCV  
  76  6:14  Medivac x2  
  76  6:16  SCV, Supply Depot  
  82  6:23  SCV  
  83  6:26  Hellion  
  83  6:30  Engineering Bay  
  85  6:38  SCV x3, Hellion  
  90  6:44  Factory x2  
  90  6:50  SCV x2  
  90  6:52  SCV  
  93  6:54  Refinery x2  
  93  6:56  Supply Depot  
  93  7:01  Siege Tank x2  
  99  7:02  SCV x2  
  99  7:07  Supply Depot  
  101  7:10  Supply Depot  
  101  7:18  SCV x3, Hellion x2  
  107  7:30  SCV x2  
  107  7:35  SCV  
  107  7:36  Siege Tank  
  113  7:37  Hellion x2  
  113  7:41  Liberator x2  
  113  7:43  Hellion x2, Siege Tank  
  114  7:46  SCV  
  115  7:55  SCV  
  115  7:57  SCV  
  117  7:59  SCV  
  120  8:07  SCV  
  120  8:08  Terran Vehicle Weapons Level 2, Terran Vehicle And Ship Armor Level 2, Siege Tank  
  120  8:09  SCV  
  125  8:13  Factory Tech Lab  
  125  8:15  Factory Reactor  
  125  8:16  SCV, Supply Depot x2  
  125  8:19  SCV  
  121  8:23  SCV  
  122  8:28  Hellion x6, Siege Tank  
  125  8:40  Supply Depot  
  125  8:41  Siege Tank  
  128  8:44  Supply Depot x2  
  128  8:45  Supply Depot  
  128  8:52  Siege Tank  
  128  8:53  Hellion x3  
  128  8:54  Infernal Pre-Igniter  
  137  8:59  Thor  
  137  9:01  Hellion x2  
  141  9:09  Engineering Bay  
  141  9:18  Command Center  
  141  9:23  Thor  
  147  9:34  Hellion x2  
  147  9:35  Missile Turret x2  
  138  9:59  Thor, Siege Tank  
  151  10:00  Hellion x4  
  151  10:04  Liberator x2  
  151  10:06  Siege Tank  
  151  10:14  Missile Turret  
  149  10:21  Hellion  
  149  10:34  Hellion  
  149  10:37  Hellion x2  
  141  10:47  Liberator  
  137  10:51  Hellion x3, Siege Tank  
  144  11:01  Refinery  
  144  11:09  Refinery  
  141  11:15  Thor  
  140  11:20  Cyclone  
  140  11:21  Hellion x2  
  144  11:28  Viking  
  144  11:32  Orbital Command  
  133  11:37  Starport x2  
  133  11:39  SCV  
  130  11:41  Refinery  
  130  11:47  Viking, Command Center  
  116  12:04  Hellion x5, Siege Tank x2  
  123  12:25  Hellion  
Tags
 
Add a new tag
Caveats
  • Supply blocks, unpowered buildings, or Contaminate may cause inaccurate times.
  • Supply counts are checked every 10 seconds.